 Dungeon Crawl Stone Soup version 0.18-a0-1797-gc18daef (webtiles) character file.

18253 macross the Unseen (level 12, -7/58 HPs)
             Began as a Spriggan Assassin on Apr 22, 2016.
             Was a Priest of Dithmenos.
             Mangled by a spiny frog (18 damage)
             ... on level 3 of the Lair of Beasts.
             The game lasted 02:37:29 (22157 turns).

macross the Unseen (Spriggan Assassin)             Turns: 22157, Time: 02:37:30

Health: -7/58      AC:  8    Str:  7    XL:     12   Next: 26%
Magic:  13/13      EV: 36    Int: 14    God:    Dithmenos [***...]
Gold:   854        SH:  0    Dex: 21    Spells: 0 memorised, 11 levels left

rFire  . . .     SeeInvis +     p - +6 dagger (protect)
rCold  . . .     Gourm    .     y - +0 robe
rNeg   . . .     Faith    +     (shield restricted)
rPois  .         Spirit   .     (helmet restricted)
rElec  .         Dismiss  .     d - +0 cloak
rCorr  .         Reflect  .     (gloves unavailable)
SustAt .         Harm     .     (boots unavailable)
MR     +++..                    l - amulet of faith
Stlth  ++++++++++               G - ring of protection from magic
                                R - +1 ring of evasion

@: wreathed by umbra, very quick, extremely resistant to hostile enchantments,
uncannily stealthy
A: unfitting armour, see invisible, herbivore 3, speed 3, slow metabolism 2
a: Shadow Step, Renounce Religion


You were on level 3 of the Lair of Beasts.
You worshipped Dithmenos.
Dithmenos was most pleased with you.
You were not hungry.

You visited 3 branches of the dungeon, and saw 15 of its levels.

You collected 1241 gold pieces.
You spent 387 gold pieces at shops.

Inventory:

Hand Weapons
 a - a +2 dagger
 b - a +0 blowgun
 c - a +0 dagger of freezing
 g - a +2 demon trident of flaming
 k - a +0 dagger of electrocution
 p - a +6 dagger of protection (weapon)
 A - a +0 rapier of draining
 W - a +2 morningstar of protection
Missiles
 e - 33 poisoned needles (quivered)
 D - 2 curare-tipped needles
Armour
 d - a +0 cloak (worn)
 y - a +0 robe (worn)
 C - the +1 ring mail "Vexiopte" {rN+}
   (You found it on level 8 of the Dungeon)

   It protects you from negative energy.
Jewellery
 l - an amulet of faith (around neck)
 G - a ring of protection from magic (right hand)
 L - an uncursed ring of positive energy
 R - a +1 ring of evasion (left hand)
 X - an uncursed amulet of magic regeneration
Wands
 q - a wand of iceblast (0/15)
 r - a wand of digging (17/24)
 t - a wand of digging (5/24)
 u - a wand of digging (12/24)
 B - a wand of slowing (22/48)
 F - a wand of enslavement (15/24)
 I - a wand of flame (3/48)
 P - a wand of random effects (22/48)
 U - a wand of lightning (6/15)
Scrolls
 h - 8 scrolls of remove curse
 i - a scroll of teleportation
 j - a scroll of noise
 m - 3 scrolls of enchant armour
 o - 3 scrolls of immolation
 v - a scroll of random uselessness
 w - 4 scrolls of identify
 z - 4 scrolls of magic mapping
 K - 2 scrolls of acquirement
 Q - a scroll of fog {unknown}
 T - a scroll of amnesia {unknown}
 Y - a scroll of brand weapon {unknown}
Potions
 H - a potion of beneficial mutation
 J - a potion of cancellation
 O - a potion of might {unknown}
 S - a potion of brilliance {unknown}
Books
 n - a book of Misfortune

   Spells                             Type                      Level
   a - Confusing Touch                Hexes                        2
   b - Confuse                        Hexes                        3
   c - Gell's Gravitas                Hexes/Translocation          3
   d - Petrify                        Transmutation/Earth          4
   e - Metabolic Englaciation         Hexes/Ice                    5
   f - Yara's Violent Unravelling     Hexes/Transmutation          5
 E - a book of Ice

   Spells                             Type                      Level
   a - Ice Form                       Ice/Transmutation            4
   b - Metabolic Englaciation         Hexes/Ice                    5
   c - Ozocubu's Refrigeration        Ice                          6
   d - Bolt of Cold                   Conjuration/Ice              6
   e - Freezing Cloud                 Conjuration/Ice/Air          6
   f - Simulacrum                     Ice/Necromancy               6
 M - a book of Death

   Spells                             Type                      Level
   a - Corpse Rot                     Necromancy                   2
   b - Sublimation of Blood           Necromancy                   2
   c - Agony                          Necromancy                   5
   d - Dispel Undead                  Necromancy                   5
   e - Excruciating Wounds            Charms/Necromancy            5
   f - Bolt of Draining               Conjuration/Necromancy       5
Comestibles
 f - a royal jelly
 s - 2 slices of pizza
 x - 5 bread rations
 N - 19 fruits


   Skills:
 + Level 4.6 Fighting
 * Level 9.3 Short Blades
 + Level 2.0 Throwing
 * Level 17.4 Dodging
 * Level 17.9 Stealth
 + Level 0.4 Invocations
 + Level 1.1 Evocations


You had 11 spell levels left.
You didn't know any spells.

Dungeon Overview and Level Annotations

Branches:
Dungeon (11/15)            Temple (0/1) D:7            Lair (3/8) D:8
    Orc (1/2) D:10
  Swamp: Lair:3-6    Shoals: Lair:3-6     Snake: Lair:3-6    Spider: Lair:3-6

Altars:
Ashenzari
Cheibriados
Dithmenos
Elyvilon
Fedhas
Kikubaaqudgha
Nemelex Xobeh
Okawaru
Qazlal
Trog
Xom
Yredelemnul
Zin
The Shining One
Beogh

Shops:
D:6 ?   D:10 *?[[=

Annotations:
D:4 Grinder
Orc:1 Fannar


Innate Abilities, Weirdness & Mutations

You are tiny and cannot use many weapons and most armour.
You have supernaturally acute eyesight.
You are a herbivore.
You cover ground extremely quickly.
You need consume almost no food.


Message History

The spiny frog is lightly wounded.
The spiny frog barely misses you.
You hit the spiny frog but do no damage.
The spiny frog is lightly wounded.
You hit the spiny frog.
The spiny frog is moderately wounded.
The spiny frog stings you!!
* * * LOW HITPOINT WARNING * * *
You completely miss the spiny frog.
The spiny frog is moderately wounded.
The spiny frog misses you.
You hit the spiny frog.
The spiny frog is heavily wounded.
You hit the spiny frog but do no damage.
The spiny frog is heavily wounded.
The spiny frog completely misses you.
You hit the spiny frog.
The spiny frog is heavily wounded.
The spiny frog stings you!!
You die...

...........# #.....#.....P##..
...........#######......)...##...
...H........P..# #.....#...####..
..........F...## #....PP... #.)
.........#P#...###PPPP###.# #..
.......##P#P##..PPP###....# #P#
......#...P..#..P##....... ###
....##P..#..P..F#.....#
.###PPP..##P#P##@...#.# .###
#PPPP......#P#...#..## ....
P...............###..# ....
......#####...### #..## .....
.....## ####.# #.#..## ....
....## ## ###P..#### ##... ...P#
##.....# #.... ...## #...P.# #...
..## ###..## ##..


You could see a spiny frog.

Vanquished Creatures
  A hydra (Lair:3)
  The ghost of Mefis the Magician, a journeyman HuWz of Sif Muna (D:9)
  Urug (Lair:3)
  An unseen horror (D:10)
  3 hill giants (D:10)
  2 black mambas
  A centaur zombie (D:10)
  5 spiny frogs
  2 trolls (Orc:1)
  A two-headed ogre (D:9)
  A wyvern (D:9)
  15 yaks
  A spriggan (Lair:1)
  Sigmund (D:4)
  7 hippogriffs
  5 water moccasins
  6 orc warriors
  4 porcupines
  5 ice beasts
  A black bear (D:8)
  4 sky beasts
  A wasp (D:10)
  2 ogres
  2 necrophages
  10 wolves (Lair:2)
  4 centaurs
  3 crocodiles
  12 giant frogs
  6 scorpions
  6 killer bees (D:8)
  5 wights (D:10)
  A howler monkey (D:10)
  5 crimson imps
  3 giant frog zombies
  A lava snake (Lair:2)
  7 hounds
  A quasit (D:4)
  A jelly (D:6)
  12 orc wizards
  6 orc priests
  11 iguanas
  Jessica (D:3)
  A centaur skeleton (D:8)
  A giant frog skeleton (D:8)
  6 worker ants
  5 sheep (Lair:3)
  3 hound skeletons
  Robin (D:2)
  A howler monkey skeleton (D:5)
  6 adders
  31 river rats
  2 shadow imps
  An ooze (D:3)
  An adder skeleton (D:8)
  An adder zombie (D:6)
  2 worms (D:2)
  3 dart slugs
  2 giant geckos
  28 orcs
  3 giant cockroaches
  10 goblins
  11 hobgoblins
  18 jackals
  6 quokkas
  A ball python skeleton (D:4)
  2 bats
  A giant cockroach zombie (D:6)
  9 giant newts
  4 kobolds (D:1)
  3 quokka skeletons (D:4)
  7 rats
  A spectral orc (D:6)
339 creatures vanquished.

Vanquished Creatures (others)
  2 fungi (Lair:3)
  A plant (Lair:2)
3 creatures vanquished.

Grand Total: 342 creatures vanquished

Notes
Turn   | Place    | Note
--------------------------------------------------------------
     0 | D:1      | macross the Spriggan Assassin began the quest for the Orb.
     0 | D:1      | Reached XP level 1. HP: 10/10 MP: 2/2
   306 | D:1      | Reached XP level 2. HP: 13/14 MP: 3/3
  1097 | D:2      | Found a bloodstained altar of Trog.
  1333 | D:2      | Reached XP level 3. HP: 17/18 MP: 4/4
  1389 | D:2      | Noticed Robin
  1394 | D:2      | Found an ancient bone altar of Kikubaaqudgha.
  2306 | D:2      | Killed Robin
  2306 | D:2      | Reached XP level 4. HP: 23/23 MP: 5/5
  2955 | D:3      | Noticed Jessica
  3089 | D:3      | Killed Jessica
  3133 | D:3      | Reached XP level 5. HP: 26/26 MP: 6/6
  3445 | D:4      | Noticed Grinder
  3449 | D:4      | Paralysed by Grinder for 2 turns
  3841 | D:4      | Reached skill level 5 in Dodging
  4232 | D:4      | Noticed Sigmund
  4240 | D:4      | Killed Sigmund
  4240 | D:4      | Reached XP level 6. HP: 30/30 MP: 7/7
  4247 | D:4      | Found a shadowy altar of Dithmenos.
  4260 | D:4      | Became a worshipper of Dithmenos the Shadowed
  4356 | D:4      | Paralysed by Grinder for 7 turns
  4798 | D:5      | Entered Level 5 of the Dungeon
  5057 | D:4      | Found a snail-covered altar of Cheibriados.
  5324 | D:5      | Reached XP level 7. HP: 35/35 MP: 8/8
  6927 | D:6      | Found an iron altar of Okawaru.
  7024 | D:7      | Found a staircase to the Ecumenical Temple.
  7882 | D:5      | Reached XP level 8. HP: 39/39 MP: 9/9
  7994 | D:6      | Reached * piety under Dithmenos
  8045 | D:6      | Reached skill level 10 in Dodging
  8045 | D:6      | Reached skill level 10 in Stealth
  8161 | D:6      | Reached skill level 5 in Short Blades
  8242 | D:6      | Found Punecubu's Magic Scroll Shoppe.
  8310 | D:6      | Bought a scroll of identify for 20 gold pieces
  8310 | D:6      | Bought a scroll of blinking for 75 gold pieces
  8310 | D:6      | Bought a scroll of identify for 20 gold pieces
  8310 | D:6      | Bought a scroll of identify for 20 gold pieces
  8418 | D:6      | Found a basalt altar of Yredelemnul.
  9410 | D:7      | Reached XP level 9. HP: 41/44 MP: 10/10
  9447 | D:7      | Reached ** piety under Dithmenos
  9662 | D:8      | Got a slimy ring mail
  9732 | D:8      | Identified the +1 ring mail "Vexiopte" {rN+} (You found it on level 8 of the Dungeon)
  9803 | D:8      | Found a staircase to the Lair.
  9829 | D:8      | Found a stormy altar of Qazlal.
  9966 | D:8      | Found a blossoming altar of Fedhas.
 10055 | D:8      | Found a shattered altar of Ashenzari.
 10782 | D:9      | Reached XP level 10. HP: 49/49 MP: 11/11
 11149 | D:9      | Found a shimmering altar of Xom.
 11149 | D:9      | Found a sparkling altar of Nemelex Xobeh.
 11149 | D:9      | Noticed Mefis's ghost (journeyman HuWz)
 11183 | D:10     | Entered Level 10 of the Dungeon
 11197 | D:10     | Reached *** piety under Dithmenos
 11365 | D:10     | Found Buall's Jewellery Shop.
 11489 | D:10     | Found Ynyeps's Armour Emporium.
 11576 | D:10     | Found a staircase to the Orcish Mines.
 11580 | D:10     | Found Borhurul's Assorted Antiques.
 12108 | D:10     | Noticed a hill giant
 12131 | D:10     | Killed a hill giant
 12131 | D:10     | Reached skill level 15 in Stealth
 12220 | D:10     | Noticed an unseen horror
 12220 | D:10     | Noticed a hill giant
 12222 | D:10     | Killed a hill giant
 12245 | D:10     | Killed an unseen horror
 12280 | D:10     | Found Tiak's Antique Armour Boutique.
 12601 | D:10     | Found Jufixt's Magic Scroll Boutique.
 12609 | D:10     | Bought a scroll of identify for 28 gold pieces
 12609 | D:10     | Bought a scroll of identify for 28 gold pieces
 12609 | D:10     | Bought a scroll of blinking for 105 gold pieces
 13114 | D:9      | Killed Mefis's ghost
 13114 | D:9      | Reached XP level 11. HP: 19/53 MP: 12/12
 13670 | Orc:1    | Entered Level 1 of the Orcish Mines
 14286 | Orc:1    | Found a roughly hewn altar of Beogh.
 14446 | Orc:1    | Noticed Fannar
 14979 | D:10     | Bought a scroll of magic mapping for 49 gold pieces
 15303 | Orc:1    | Reached skill level 1 in Evocations
 15680 | D:10     | Reached skill level 15 in Dodging
 16609 | D:10     | Noticed a hill giant
 16683 | D:10     | Killed a hill giant
 17323 | D:10     | Bought a scroll of identify for 28 gold pieces
 17323 | D:10     | Bought a scroll of noise for 14 gold pieces
 17800 | D:9      | Found a glowing silver altar of Zin.
 17806 | D:9      | Found a glowing golden altar of the Shining One.
 17807 | D:9      | Found a white marble altar of Elyvilon.
 18044 | Lair:1   | Entered Level 1 of the Lair of Beasts
 19601 | Lair:2   | Reached **** piety under Dithmenos
 21119 | Lair:3   | Reached XP level 12. HP: 58/58 MP: 13/13
 21290 | Lair:3   | Noticed a six-headed hydra
 21516 | Lair:3   | Killed a six-headed hydra
 21590 | Lair:3   | Noticed Urug
 21603 | Lair:3   | Killed Urug
 21683 | Lair:3   | Identified 3 scrolls of acquirement
 22157 | Lair:3   | Mangled by a spiny frog

Vault maps used:
D:1:      eino_arrival_cavern_a
D:2:      old_standard_altar, bloody_trog, uniq_robin
D:3:      bh_walls_and_bars, uniq_jessica
D:4:      nicolae_dithmenos_the_darkroom, kennysheep_slug_shrine, first_bread,
          uniq_sigmund, uniq_grinder
D:5:      minivault_24
D:6:      yredelemnul_forgotten_temple_becter, serial_shops, shop_fountains,
          okawaru_trees_1
D:7:      minmay_temple_entry_junction2
D:8:      kennysheep_little_box, nicolae_qazlal_general_emergency,
          hangedman_tree_tricks
D:9:      good_gods_temple_1, nicolae_overflow_hidden_temple
D:10:     orc_0_dummy, serial_shops, nicolae_shop_crystal,
          nicolae_shop_waterfront, shop, nicolae_shop_stone, shop
Lair:1:   grunt_forest_large_clearing_hut
Lair:2:   grunt_forest_stairs_basic
Lair:3:   boulder_dual_corridor_run, hangedman_lair_unloving_vines, uniq_urug
Orc:1:    basic_altar, uniq_fannar

Skill      XL: |  1  2  3  4  5  6  7  8  9 10 11 12 |
---------------+-------------------------------------+-----
Stealth        | 6 7 8 9 11 14 15 17 | 17.9
Dodging        | 2 3 4 7 8 9 11 12 14 16 17 | 17.4
Fighting       | 2 3 4 |  4.6
Short Blades   | 3 4 5 6 8 9 |  9.3
Evocations     | 1 |  1.1
Throwing       | |  2.0
Invocations    | |  0.4

Action                   |  1- 3 |  4- 6 |  7- 9 | 10-12 || total
-------------------------+-------+-------+-------+-------++-------
Melee: Dagger            |   152 |   209 |   457 |  1350 ||  2168
Invok: Shadow Step       |       |       |       |     5 ||     5
Evoke: Wand              |       |     2 |       |     4 ||     6
  Use: Scroll            |     3 |     2 |    14 |     7 ||    26
       Potion            |     1 |     1 |       |     9 ||    11
 Stab: Sleeping          |     6 |     8 |    42 |    57 ||   113
       Distracted        |       |     2 |       |     8 ||    10
       Invisible         |       |       |       |     1 ||     1
  Eat: Bread ration      |     1 |       |     1 |     1 ||     3
       Fruit             |       |       |       |     7 ||     7
Armor: Robe              |    21 |    41 |    27 |    54 ||   143
Dodge: Dodged            |   109 |   223 |   326 |  1200 ||  1858
